Map: Acolyte LE

Players

puCK (Nina)

  • Race: Protoss Protoss
  • Spawn Location: 7:00

Scarlett - Winner!

  • Race: Zerg Zerg
  • Spawn Location: 1:00

Event: WCS Montreal 2017

VOD

Have the link to the VOD?

Description

Time

  • Played on: Sept. 8, 2017, 7:44 p.m.
  • Length: 10:01

All games in this series

Show
View Real Time Build Order
Export as new Build Order

puCK Protoss 

Build Orders: 1 Gate Expand, Oracle Opening, Archon Immortal 

Get SALT Encoding   

  12  0:01  Probe (Chrono Boost)  
  13  0:12  Probe (Chrono Boost)  
  14  0:19  Pylon  
  14  0:22  Probe (Chrono Boost)  
  15  0:37  Probe (Chrono Boost)  
  15  0:39  Gateway  
  16  0:48  Probe (Chrono Boost)  
  17  0:51  Assimilator  
  17  0:58  Probe (Chrono Boost)  
  18  1:09  Probe (Chrono Boost)  
  19  1:23  Nexus  
  19  1:26  Probe (Chrono Boost)  
  20  1:40  Cybernetics Core  
  20  1:41  Probe (Chrono Boost)  
  20  1:46  Assimilator  
  21  1:51  Probe (Chrono Boost)  
  22  1:56  Pylon  
  22  2:02  Probe (Chrono Boost)  
  23  2:14  Probe (Chrono Boost)  
  24  2:16  Adept (Chrono Boost)  
  24  2:17  Warp Gate  
  26  2:26  Probe  
  26  2:28  Stargate  
  27  2:34  Probe  
  28  2:39  Probe  
  28  2:40  Adept (Chrono Boost)  
  31  2:44  Probe (Chrono Boost)  
  31  2:51  Probe (Chrono Boost)  
  33  2:56  Probe (Chrono Boost)  
  34  3:02  Probe (Chrono Boost)  
  34  3:04  Adept  
  37  3:06  Probe (Chrono Boost)  
  37  3:12  Probe (Chrono Boost), Oracle (Chrono Boost)  
  39  3:16  Probe  
  39  3:19  Assimilator  
  43  3:23  Assimilator  
  43  3:24  Probe  
  44  3:27  Probe  
  44  3:28  Pylon  
  45  3:39  Gateway  
  45  3:40  Probe  
  46  3:44  Probe  
  46  3:46  Adept  
  49  3:52  Void Ray (Chrono Boost)  
  49  3:53  Probe  
  54  4:00  Probe  
  51  4:03  Pylon  
  51  4:05  Probe  
  52  4:11  Probe  
  53  4:17  Probe  
  53  4:19  Nexus  
  53  4:21  Probe  
  55  4:29  Probe  
  56  4:32  Probe  
  60  4:40  Forge  
  60  4:41  Probe  
  60  4:42  Probe, Twilight Council  
  62  4:53  Probe  
  62  4:54  Probe  
  62  4:55  Pylon  
  62  4:57  Pylon  
  62  4:58  Robotics Facility  
  61  5:03  Probe  
  62  5:13  Probe  
  62  5:14  Probe, Sentry x2  
  65  5:16  Protoss Ground Weapons Level 1 (Chrono Boost)  
  68  5:22  Charge (Chrono Boost)  
  68  5:25  Templar Archives  
  68  5:26  Probe  
  69  5:29  Assimilator  
  69  5:30  Probe  
  69  5:33  Assimilator  
  69  5:34  Probe  
  70  5:37  Pylon  
  71  5:46  Probe  
  71  5:47  Probe  
  71  5:48  Probe  
  74  5:51  Warp Prism (Chrono Boost)  
  74  5:54  Psionic Storm  
  76  5:57  Probe x2, Robotics Facility  
  76  5:59  Pylon  
  76  6:00  Probe  
  79  6:08  Probe  
  79  6:10  Mothership Core  
  81  6:12  Probe, Gateway x2  
  83  6:18  Probe  
  83  6:22  Gateway x2  
  83  6:24  Probe  
  85  6:27  Immortal (Chrono Boost)  
  85  6:32  Probe  
  90  6:41  High Templar x2  
  90  6:42  Probe  
  90  6:43  Probe  
  96  6:50  Gateway  
  96  6:52  Pylon  
  96  6:53  Gateway  
  96  6:54  Gateway, Pylon  
  96  7:01  Immortal (Chrono Boost)  
  100  7:07  Immortal (Chrono Boost)  
  104  7:11  Protoss Ground Weapons Level 2  
  104  7:12  Pylon  
  102  7:30  High Templar  
  102  7:31  High Templar x3  
  102  7:32  Zealot x2  
  102  7:36  Immortal (Chrono Boost)  
  118  7:38  Pylon  
  118  7:40  Pylon  
  118  7:41  Immortal (Chrono Boost)  
  118  7:43  Pylon  
  122  7:45  Phoenix (Chrono Boost)  
  122  7:50  Stargate  
  115  7:53  Photon Cannon  
  115  7:54  Photon Cannon  
  115  7:56  Nexus  
  115  7:57  High Templar x2  
  119  8:01  Archon  
  119  8:02  Pylon  
  119  8:09  Phoenix (Chrono Boost)  
  118  8:13  Immortal  
  118  8:28  Zealot x3  
  118  8:29  Zealot x5  
  118  8:31  Phoenix (Chrono Boost)  
  132  8:40  Phoenix (Chrono Boost)  
  126  8:50  Archon  
  126  8:52  Phoenix (Chrono Boost)  
  119  8:59  Zealot x6  
  119  9:00  Zealot  
  131  9:05  Phoenix (Chrono Boost)  
  131  9:06  High Templar  
  131  9:07  Probe  
  134  9:14  Phoenix (Chrono Boost)  
  134  9:15  High Templar  
  138  9:18  Nexus  
  138  9:22  Pylon  
  138  9:24  Pylon  
  138  9:27  High Templar  
  138  9:31  High Templar  
  144  9:32  Zealot x2  
  144  9:33  Zealot  
  148  9:41  Pylon  
  148  9:42  High Templar  
  148  9:46  High Templar  
  135  9:54  Zealot  
Show
View Real Time Build Order
Export as new Build Order

Scarlett Zerg - Winner!

Build Orders: Hatch First, Muta Ling Bane 

Get SALT Encoding   

  12  0:00  Drone  
  13  0:12  Overlord  
  13  0:17  Drone  
  14  0:31  Drone x2  
  16  0:36  Drone  
  17  0:52  Hatchery  
  17  0:54  Drone  
  17  0:57  Drone  
  18  1:08  Extractor  
  17  1:14  Spawning Pool  
  17  1:16  Drone  
  17  1:19  Drone  
  18  1:28  Drone  
  19  1:39  Drone  
  20  1:48  Hatchery  
  20  1:50  Drone  
  20  2:00  Queen  
  22  2:04  Drone  
  22  2:05  Drone  
  24  2:13  Metabolic Boost  
  24  2:18  Overlord  
  24  2:26  Queen  
  24  2:29  Drone  
  27  2:32  Drone  
  27  2:36  Drone  
  29  2:41  Zergling x2  
  30  2:46  Queen  
  30  2:48  Drone  
  30  2:50  Drone  
  34  2:55  Zergling x2  
  34  2:56  Drone  
  36  3:01  Drone x2  
  38  3:05  Queen  
  38  3:09  Drone  
  41  3:13  Drone  
  41  3:15  Overlord  
  41  3:19  Overlord  
  42  3:33  Zergling x10  
  47  3:35  Drone x2  
  47  3:36  Spore Crawler  
  47  3:38  Drone  
  47  3:39  Drone  
  47  3:41  Drone  
  51  3:44  Drone  
  52  4:01  Drone x7  
  57  4:06  Overlord  
  57  4:07  Overlord  
  57  4:11  Spore Crawler  
  57  4:14  Drone x2, Evolution Chamber  
  57  4:19  Overlord  
  57  4:23  Extractor  
  57  4:24  Drone  
  57  4:26  Drone x5  
  57  4:30  Spore Crawler, Drone  
  62  4:31  Drone  
  62  4:33  Drone  
  62  4:37  Overlord x2  
  62  4:38  Drone x2  
  66  4:44  Zerg Melee Weapons Level 1, Lair  
  66  4:49  Extractor  
  66  4:50  Extractor  
  64  4:54  Overlord  
  64  4:55  Drone x6  
  64  4:59  Queen  
  72  5:09  Drone, Hatchery  
  72  5:10  Drone  
  72  5:11  Extractor  
  72  5:12  Extractor, Drone x2  
  73  5:14  Drone  
  73  5:15  Drone  
  73  5:19  Drone x4  
  78  5:24  Drone x4  
  82  5:36  Overlord  
  82  5:38  Overlord  
  81  5:46  Extractor  
  80  5:50  Drone x2  
  80  5:54  Spire, Drone x3  
  80  5:55  Hydralisk Den, Drone x2  
  85  5:58  Overseer  
  85  6:05  Drone  
  85  6:06  Drone x9  
  95  6:15  Overlord x3  
  95  6:17  Drone x2  
  97  6:18  Spore Crawler, Baneling Nest  
  97  6:25  Muscular Augments, Hydralisk x5  
  105  6:37  Zerg Melee Weapons Level 2  
  105  6:48  Overlord x2  
  105  6:54  Extractor  
  105  6:55  Extractor, Drone x6  
  109  7:01  Centrifical Hooks  
  109  7:02  Drone  
  109  7:03  Drone x3  
  109  7:05  Overlord x2  
  109  7:07  Mutalisk x5, Zerg Flyer Weapons Level 1  
  109  7:08  Mutalisk x2  
  127  7:11  Mutalisk  
  128  7:19  Drone x2  
  128  7:20  Drone x4  
  133  7:28  Drone x6  
  129  7:32  Mutalisk x2  
  129  7:33  Hatchery  
  132  7:41  Mutalisk x3  
  138  7:45  Mutalisk  
  138  7:49  Overlord x3  
  140  7:53  Overlord  
  140  7:54  Hydralisk x4  
  148  7:59  Baneling  
  148  8:00  Baneling x6  
  148  8:02  Zergling x8  
  152  8:14  Hydralisk x4  
  152  8:15  Zergling x8  
  162  8:30  Hydralisk  
  162  8:31  Hydralisk x9  
  180  8:38  Hydralisk x3  
  180  8:39  Zergling x6  
  166  8:59  Hydralisk x9  
  166  9:00  Zergling x8  
  166  9:01  Zergling x4  
  178  9:12  Hydralisk  
  178  9:13  Zergling x22  
  178  9:14  Zergling x2  
  190  9:18  Baneling  
  190  9:19  Baneling x10  
  190  9:20  Baneling  
  190  9:22  Zergling x12  
  196  9:30  Baneling x3  
Tags
 
Add a new tag
Caveats
  • Supply blocks, unpowered buildings, or Contaminate may cause inaccurate times.
  • Supply counts are checked every 10 seconds.